AoeStats
← BigAsHell44

Arabia

510023332Analyzed
1v1 RM · 5d ago on Sep 29, 2026· 26m 12s· 2 players
Game mode
Random Map
Map size
Tiny (2 player)
Population
200
Speed
Normal
Resources
Standard
Victory
Conquest
Starting age
Dark Age
Ending age
Imperial Age
RankedLock teamsTeams togetherTeam positionsShared explorationLock speedFull tech treeHidden civsTurbo modeCheats
Victory
Defeat
1128
+17
🇺🇸 Portuguese · United States
1140
-17
Joseph Black Heart
4:03 Double-Bit Axe
7:06 Loom
9:23 Feudal Age
18:34 Fletching
19:23 Wheelbarrow
22:35 Castle Age
20:29 Gold Mining
23:06 Town Watch
23:06 Horse Collar
23:38 Bow Saw
22:52 Crossbowman
23:53 Padded Archer Armor
25:14 Hand Cart
25:09 Bodkin Arrow
BigAsHell44
7:20 Loom
10:33 Feudal Age
11:07 Double-Bit Axe
17:07 Wheelbarrow
18:32 Scale Barding Armor
20:38 Castle Age
20:09 Bloodlines
Connection lost

Rejoining the realm…

Still unreachable

The connection could not be restored.

Session expired

The server has moved on; the page needs a fresh start.